 Dungeon Crawl Stone Soup version 0.30.1-3-gfc49f6343a (webtiles) character file.

Game seed: 5677569902895183710

77 Pifanjr the Poker (level 4, -2/33 HPs)
             Began as a Demonspawn Gladiator on Aug 2, 2023.
             Was an Initiate of Nemelex Xobeh.
             Killed by divine providence
             ... invoked by an orc priest
              (14 damage)
             ... on level 3 of the Dungeon.
             The game lasted 00:15:59 (2195 turns).

Pifanjr the Poker (Demonspawn Gladiator)            Turns: 2195, Time: 00:16:00

Health: -2/33      AC:  9    Str: 16    XL:     4   Next: 14%
Magic:  4/4        EV:  8    Int: 10    God:    Nemelex Xobeh [......]
Gold:   65         SH:  0    Dex: 14    Spells: 3/3 levels left

rFire   . . .        a - +1 trident
rCold   . . .        (no shield)
rNeg    . . .        f - +1 chain mail
rPois   .            (helmet restricted)
rElec   .            (no cloak)
rCorr   +            (no gloves)
SInv    +            (no boots)
Will    .....        (no amulet) Stlth
                     h - ring of resist corrosion
HPRegen 0.25/turn    j - ring of see invisible
MPRegen 0.09/turn

%: no passive effects
@: no status effects
A: antennae 1, demonic magic 2
a: Renounce Religion, Draw Escape, Draw Destruction, Draw Summoning


You were on level 3 of the Dungeon.
You worshipped Nemelex Xobeh.
Nemelex Xobeh was noncommittal.
You visited 1 branch of the dungeon, and saw 3 of its levels.

You collected 65 gold pieces.

Inventory:

Hand Weapons
 a - a +1 trident (weapon)
Missiles
 d - a throwing net (quivered)
 i - 3 poisoned darts
Armour
 b - a +0 leather armour
 c - a +0 helmet
 f - a +1 chain mail (worn)
 g - a +0 leather armour of fire resistance
Jewellery
 h - a ring of resist corrosion (left hand)
 j - a ring of see invisible (right hand)
 l - a ring of protection from fire
Potions
 k - a potion of curing


   Skills:
 + Level 2.2 Fighting
 + Level 3.9 Polearms
 + Level 1.9 Throwing
 + Level 0.6 Armour
 + Level 3.0 Dodging
 + Level 0.5 Stealth


You had 3 spell levels left.
You didn't know any spells.
Your spell library contained the following spells:

 Spells                   Type           Power      Damage    Failure   Level
 Vhi's Electric Charge    Tloc/Air       0%         N/A       100%        3
 Arcjolt                  Conj/Air       0%         1d10      100%        5
 Plasma Beam              Fire/Air       0%         2x1d11    100%        6


Dungeon Overview and Level Annotations

Branches:
Dungeon (3/15)

Altars:
Nemelex Xobeh

Shops:
D:2 ?


Innate Abilities, Weirdness & Mutations

You have a pair of small antennae on your head.
Spells you cast may paralyse nearby enemies.


Message History

Beogh smites you!
Reach: a) +1 trident
Press: ? - help, Dir - move target, f/p - orc
Aim: an orc, wielding a +0 trident and wearing a +0 chain mail (about 32% to evade your +1 trident)
You reach to attack!
You closely miss the orc. The orc hits you but does no damage.
The orc priest miscasts a cantrip.
Reach: a) +1 trident
Press: ? - help, Dir - move target, f/p - orc
Aim: an orc, wielding a +0 trident and wearing a +0 chain mail (about 32% to evade your +1 trident)
You reach to attack!
You hit the orc.
The orc is moderately wounded.
The orc barely misses you.
The orc priest calls down the wrath of Beogh upon you.
Beogh smites you!
There is an open door here.
Throw: javelin
Press: ? - help, Shift-Dir - straight line, f - orc, p - orc
Aim: an orc, wielding a +0 mace (59% to hit)
You throw a javelin. The javelin pierces through the orc.
The orc is severely wounded.
The javelin pierces through the orc priest but does no damage.
The javelin closely misses the orc.
The orc barely misses you. The orc closely misses you.
Reach: a) +1 trident
Press: ? - help, Dir - move target, f - orc, p - orc
Aim: an orc, wielding a +0 trident and wearing a +0 chain mail (severely wounded, about 32% to evade your +1 trident)
You reach to attack!
You barely miss the orc.
The orc is severely wounded.
The orc hits you but does no damage.
Reach: a) +1 trident
Press: ? - help, Dir - move target, f/p - orc
Aim: an orc, wielding a +0 trident and wearing a +0 chain mail (severely wounded, about 32% to evade your +1 trident)
You reach to attack!
You barely miss the orc.
The orc is severely wounded.
The orc hits you but does no damage.
The orc priest calls down the wrath of Beogh upon you.
Beogh smites you!
You die...
Your body disappears without a glow.

#. #( .. #+ . #. #.####
### #. #.#.. ##### ..#
##.
#..)#####...#####.####..
#(.ooo.@.._.....'.......
#.#.#####...#####.###...
#.......#####.....##....
......##.......#####.#...
#############..### #.#.†
##...# ##.#. ###.# ###.
#.# #. #.########.


You could see an orc priest and 2 orcs.

Vanquished Creatures
  An orc wizard (D:3)
  A worm (D:2)
  3 dart slugs (D:1)
  An orc (D:3)
  4 bats
  6 endoplasms
  4 giant cockroaches
  4 goblins
  6 hobgoblins
  2 frilled lizards
  A kobold (D:2)
  6 rats
39 creatures vanquished.

Notes
Turn   | Place    | Note
-------+----------+-------------------------------------------
     0 | D:1      | Pifanjr the Demonspawn Gladiator began the quest for the
                  | Orb.
     0 | D:1      | Reached XP level 1. HP: 16/16 MP: 1/1
   200 | D:1      | Gained mutation: You have a pair of small antennae on your
                  | head. [demonic ancestry]
   200 | D:1      | Reached XP level 2. HP: 22/22 MP: 2/2
   761 | D:1      | Found a faded altar of an unknown god.
   854 | D:1      | Gained mutation: Spells you cast may paralyse adjacent
                  | enemies. [demonic ancestry]
   854 | D:1      | Reached XP level 3. HP: 27/27 MP: 3/3
  1420 | D:2      | Found Jeorotad's Magic Scroll Boutique.
  2158 | D:3      | Found a sparkling altar of Nemelex Xobeh.
  2166 | D:3      | Became a worshipper of Nemelex Xobeh the Trickster
  2185 | D:3      | Gained mutation: Spells you cast may paralyse nearby
                  | enemies. [demonic ancestry]
  2185 | D:3      | Reached XP level 4. HP: 27/33 MP: 4/4
  2195 | D:3      | Killed from afar by an orc priest

Illustrated notes

Levels and vault maps discovered:
D:1:      shiori_arrival_elements, layout_loops_ring,
          shapermc_ecumenical_altar_flowoftime, serial_bayou_pond_c,
          chequers_serial_rivers_micro_e
D:2:      layout_loops_ring, serial_shops, shop
D:3:      minmay_chambers_of_threes, layout_loops_corners,
          mainiacjoe_overflow_surrounded_room, chequers_serial_rivers_small_a

Skill      XL: |  1  2 |
---------------+-------+-----
Polearms       | 3 |  3.9
Dodging        | 3 |  3.0
Fighting       | |  2.2
Throwing       | |  1.9
Armour         | |  0.6
Stealth        | |  0.5

Action                     |  1- 3 |  4- 6 || total
---------------------------+-------+-------++-------
  Melee: Trident           |   108 |     6 ||   114
  Throw: Javelin           |    11 |     1 ||    12
         Throwing net      |     4 |       ||     4
         Dart              |     1 |       ||     1
    Use: Scroll            |    10 |       ||    10
         Potion            |     4 |       ||     4
   Stab: Held in net/web   |     1 |       ||     1
         Sleeping          |     1 |       ||     1
 Armour: Leather armour    |    15 |       ||    15
         Chain mail        |    21 |     5 ||    26
  Dodge: Dodged            |    47 |     3 ||    50
